 Dungeon Crawl Stone Soup version 0.29.1-15-g9cfb28693d (webtiles) character file.

Game seed: 11381482946770979213

95 DemonSlayer the Digger (level 4, -3/31 HPs)
             Began as a Demonspawn Earth Elementalist on Apr 16, 2023.
             Killed by divine providence
             ... invoked by an orc priest
              (9 damage)
             ... on level 3 of the Dungeon.
             The game lasted 00:04:36 (2825 turns).

DemonSlayer the Digger (DsEE)                       Turns: 2825, Time: 00:04:36

Health: -3/31      AC:  2    Str:  9    XL:     4   Next: 39%
Magic:  10/17      EV: 16    Int: 16    God:
Gold:   164        SH:  0    Dex: 15    Spells: 2/9 levels left

rFire   . . .      SeeInvis .   k - +2 dagger
rCold   . . .      Faith    .   (no shield)
rNeg    . . .      Spirit   .   a - +0 robe
rPois   .          Reflect  .   (helmet restricted)
rElec   .          Harm     .   (no cloak)
rCorr   .          Rampage  .   (no gloves)
Will    .....                   (no boots)
Stlth   ++........              (no amulet)
HPRegen 0.10/turn               i - +4 ring of evasion
MPRegen 0.15/turn               o - ring of magical power

@: hasted, very quick
A: antennae 1, spiny 1
a: no special abilities


You were on level 3 of the Dungeon.
You visited 1 branch of the dungeon, and saw 3 of its levels.

You collected 164 gold pieces.

Inventory:

Hand Weapons
 k - a +2 dagger (weapon)
Armour
 a - a +0 robe (worn)
Jewellery
 i - a +4 ring of evasion (left hand)
 o - a ring of magical power (right hand)
 r - a ring of see invisible
Potions
 b - a potion of magic
 e - 2 potions of might
 j - a potion of curing {unknown}
 l - 2 potions of lignification
 m - a potion of heal wounds {unknown}
 p - a potion of mutation {unknown}


   Skills:
 + Level 0.3 Fighting
 + Level 0.3 Short Blades
 + Level 2.0 Dodging
 + Level 2.2 Stealth
 + Level 3.0 Spellcasting
 + Level 0.8 Transmutations
 + Level 3.7 Earth Magic


You had 2 spell levels left.
You knew the following spells:

 Your Spells              Type           Power      Damage    Failure   Level
a - Sandblast             Erth           28%        2d8       4%          1
b - Passwall              Tmut/Erth      7%         N/A       11%         2
c - Slow                  Hex            8%         N/A       19%         1
d - Stone Arrow           Conj/Erth      16%        3d8       26%         3

Your spell library contained the following spells:

 Spells                   Type           Power      Damage    Failure   Level
 Blink                    Tloc           4%         N/A       28%         2
 Confusing Touch          Hex            2%         N/A       50%         3
 Lesser Beckoning         Tloc           2%         N/A       50%         3
 Vampiric Draining        Necr           2%         2d6       50%         3
 Petrify                  Tmut/Erth      9%         N/A       58%         4
 Manifold Assault         Tloc           2%         N/A       99%         5


Dungeon Overview and Level Annotations

Branches:
Dungeon (3/15)

Altars:


Innate Abilities, Weirdness & Mutations

You have a pair of small antennae on your head.
You are partially covered in sharp spines.


Message History

There are monsters nearby!
There are monsters nearby!
The blast of sand hits the orc priest!
The orc priest is severely wounded.
The orc priest shouts!
You hear a shout!
The blast of sand hits the orc but does no damage.
The blast of sand hits the orc but does no damage.
The blast of sand hits the orc but does no damage.
An orc wizard comes into view. It is wielding a +2 dagger of venom.
The orc misses you.
The blast of sand hits the orc but does no damage.
The orc is struck by your spines. The orc misses you.
An orc comes into view.
It is wielding a +2 short sword of electrocution.
The orc wizard casts a spell.
The orc wizard flickers and vanishes!
Deactivating autopickup; reactivate with Ctrl-A.
The blast of sand hits the orc but does no damage.
The orc is severely wounded.
The orc shouts!
The orc hits you with a +0 hand axe. The orc misses you.
An orc priest comes into view. It is wielding a +0 short sword.
The blast of sand hits the orc but does no damage.
The orc is severely wounded.
The orc priest shouts!
The orc hits you with a +0 hand axe.
The orc priest calls down the wrath of Beogh upon you.
Beogh smites you!
The blast of sand hits the orc but does no damage.
The orc is severely wounded.
The blast of sand hits something!
The orc priest mumbles some strange prayers to Beogh against you.
Beogh smites you!
* * * LOW HITPOINT WARNING * * *
A bullfrog comes into view.
You are too injured to fight recklessly!
Unknown command.
It was a potion of haste.
You feel yourself speed up.
The orc priest mumbles some strange prayers to Beogh against you.
Beogh smites you!
You die...

....#
####.#######
#<.........#####
#.##.....<......
#.##.#####.####.
#.##.# #.....b
#....# ######B
.########....# .
.....oo@.....# .
.####{###...## .


Fo{ #....... . #.# #..##### # # #..# . #..# #..# #..# You could see a bullfrog,
2 orc priests and an orc.

Vanquished Creatures
  3 adders
  3 dart slugs
  6 ball pythons
  7 bats
  4 endoplasms
  4 giant cockroaches
  5 hobgoblins
  5 jackals
  3 quokkas (D:1)
  2 frilled lizards (D:1)
  A goblin (D:2)
  9 kobolds
  5 rats
57 creatures vanquished.

Vanquished Creatures (collateral kills)
  A jackal (D:3)
1 creature vanquished.

Grand Total: 58 creatures vanquished

Notes
Turn   | Place    | Note
-------+----------+-------------------------------------------
     0 | D:1      | DemonSlayer the Demonspawn Earth Elementalist began the
                  | quest for the Orb.
     0 | D:1      | Reached XP level 1. HP: 13/13 MP: 3/3
   476 | D:1      | Gained mutation: You have a pair of small antennae on your
                  | head. [demonic ancestry]
   476 | D:1      | Reached XP level 2. HP: 19/19 MP: 3/5
  1209 | D:1      | Gained mutation: You are partially covered in sharp spines.
                  | [demonic ancestry]
  1209 | D:1      | Reached XP level 3. HP: 24/24 MP: 4/6
  1212 | D:1      | Learned a level 2 spell: Passwall
  1214 | D:1      | Learned a level 1 spell: Slow
  1218 | D:1      | Learned a level 3 spell: Stone Arrow
  1395 | D:1      | Found a faded altar of an unknown god.
  2074 | D:2      | Reached XP level 4. HP: 25/30 MP: 5/8
  2824 | D:3      | Noticed a bullfrog
  2825 | D:3      | Killed from afar by an orc priest

Illustrated notes

Levels and vault maps discovered:
D:1:      dpeg_arrival_simpleton_b, layout_loops_corners,
          shapermc_ecumenical_altar_ellora, minmay_misc_feat_rows
D:2:      minmay_kobold_bridge, layout_basic
D:3:      layout_loops_ring, lemuel_coloured_pillars_altar,
          nicolae_overflow_hidden_temple, serial_shops, shop,
          grunt_decor_arrowhead, minmay_strange_pillars, nrook_mini_backslash

Skill      XL: |  1  2  3  4 |
---------------+-------------+-----
Earth Magic    | 3 |  3.7
Dodging        | 2 |  2.0
Stealth        | 2 |  2.2
Spellcasting   | 3 |  3.0
Fighting       | |  0.3
Short Blades   | |  0.3
Transmutations | |  0.8

Action                   |  1- 3 |  4- 6 || total
-------------------------+-------+-------++-------
Melee: Unarmed           |    18 |       ||    18
       Dagger            |     6 |     5 ||    11
       Punch             |     1 |       ||     1
 Cast: Sandblast         |    51 |    27 ||    78
  Use: Scroll            |       |     8 ||     8
       Potion            |       |     1 ||     1
 Stab: Sleeping          |     4 |     1 ||     5
Armor: Robe              |     8 |     1 ||     9
Dodge: Dodged            |    26 |    12 ||    38
